 Dungeon Crawl Stone Soup version 0.23.2-1-ga50397a (webtiles) character file.

Game seed: 1480047274967460908

424 raph the Poker (level 6, -4/46 HPs)
             Began as a Merfolk Skald on May 26, 2019.
             Slain by an ogre
             ... wielding a cursed -1 giant club
              (21 damage)
             ... on level 4 of the Dungeon.
             The game lasted 00:09:11 (3690 turns).

raph the Poker (Merfolk Skald)                      Turns: 3690, Time: 00:09:12

Health: -4/46      AC:  6    Str: 12    XL:     6   Next: 96%
Magic:  1/11       EV: 13    Int: 12    God:
Gold:   194        SH:  0    Dex: 15    Spells: 1/12 levels left

rFire    . . .     SeeInvis .   n - +0 halberd
rCold    . . .     Gourm    .   (shield currently unavailable)
rNeg     . . .     Faith    .   b - +0 leather armour
rPois    .         Spirit   .   j - +0 helmet
rElec    .         Reflect  .   v - +0 cloak
rCorr    .         Harm     .   (no gloves)
MR       .....                  p - +0 pair of boots
Stlth    +.........             t - amulet of rage
HPRegen  0.15/turn              (no ring)
MPRegen  0.12/turn              (no ring)

@: infused, singing, lightly drained
A: change form in water, swift swim, stealthy swim
a: Evoke Berserk Rage


You were on level 4 of the Dungeon.
You were not hungry.

You visited 1 branch of the dungeon, and saw 4 of its levels.

You collected 194 gold pieces.

Inventory:

Hand Weapons
 a - a +0 spear
 n - a +0 halberd (weapon)
Missiles
 i - 76 stones (quivered)
Armour
 b - a +0 leather armour (worn)
 j - a +0 helmet (worn)
 p - a +0 pair of boots (worn)
 v - a +0 cloak (worn)
Jewellery
 t - an amulet of rage (around neck)
Wands
 s - a wand of iceblast (11)
Scrolls
 l - 2 scrolls of teleportation
 o - a scroll of fear
Potions
 g - 2 potions of haste
 h - 4 potions of mutation
 k - 2 potions of curing
 m - a potion of might
 u - a potion of agility
Comestibles
 d - 7 rations
 r - 2 chunks of flesh


   Skills:
 - Level 2.5(2.4) Fighting
 * Level 6.5(6.3) Polearms
 - Level 1.1(0.9) Armour
 - Level 3.3(3.1) Dodging
 + Level 3.5(3.4) Spellcasting
 * Level 5.3(5.1) Charms


You had one spell level left.
You knew the following spells:

 Your Spells              Type           Power        Failure   Level  Hunger
a - Infusion              Chrm           ##..         3%          1    #......
b - Song of Slaying       Chrm           ##......     5%          2    ##.....
c - Shroud of Golubria    Chrm/Tloc      #.........   16%         2    ##.....
d - Regeneration          Chrm/Necr      #.........   30%         3    ###....
e - Spectral Weapon       Hex/Chrm       #.......     30%         3    ###....

Your spell library contained the following spells:

 Spells                   Type           Power        Failure   Level  Hunger


Dungeon Overview and Level Annotations

Branches:
Dungeon (4/15)
 Temple: D:4-7

Altars:
The Shining One


Message History

You barely miss the worm. The worm barely misses you.
You hit the worm!
The worm is heavily wounded.
You hit the worm!
The worm is almost dead.
Your shroud begins to fray at the edges.
The worm bites you!
Your shroud falls apart!
You hit the worm.
You kill the worm!
You slash the ogre!
The ogre is heavily wounded.
The ogre misses you.
You barely miss the ogre.
The ogre is heavily wounded.
The ogre hits you with a cursed -1 giant club!!
You barely miss the ogre.
The ogre is heavily wounded.
The ogre hits you with a cursed -1 giant club!!
You die...

********,,,,,,,,*,,* *,,,,*
,,,** ***,,,#..**.# *,,,,*
,*,,* #..O...##.##*,,,,*
,**,***###..........,,,,,,*
,**,,,,.......,....,,,*,***
,******#......,...,,,,*,*
,**,,,,.......,#.##*,*,,***
,,,,,,,.......##..##.#..,,*
*,,,,,,....(...O@.......,,*
*,,,,,,........##.###...,,*
,,,,,,,........##.#*,,,,,,*
,,,,,,,.........#..*,*,,,**
*,,,,,,.......w.##.#,*,*,*
**,,,,,....%..#?....,*,*,*
**,,,,.......,##....,,*,*
**,,,.######,,,[#.#***,*
*,,*,,***,,,,,,.,.#*,,*


You could see an ogre.

Vanquished Creatures
  Sigmund (D:2)
  Crazy Yiuf (D:3)
  Jessica (D:2)
  Terence (D:3)
  Natasha (twice) (D:3)
  2 adders
  3 gnolls (D:2)
  An ooze (D:2)
  5 worms
  2 dart slugs
  2 leopard geckos
  An orc (D:3)
  2 giant cockroaches
  2 hobgoblins
  9 jackals
  2 ball pythons (D:2)
  6 bats
  3 frilled lizards
  8 goblins
  8 kobolds
  7 rats
69 creatures vanquished.

Notes
Turn   | Place    | Note
-------+----------+-------------------------------------------
     0 | D:1      | raph the Merfolk Skald began the quest for the Orb.
     0 | D:1      | Reached XP level 1. HP: 16/16 MP: 3/3
   286 | D:1      | Reached XP level 2. HP: 16/22 MP: 0/5
   751 | D:1      | Learned a level 2 spell: Song of Slaying
   754 | D:1      | Learned a level 2 spell: Shroud of Golubria
   987 | D:2      | Reached XP level 3. HP: 28/28 MP: 3/6
  1050 | D:2      | Reached skill level 1 in Armour
  2095 | D:2      | Reached skill level 4 in Polearms
  2095 | D:2      | Reached XP level 4. HP: 34/34 MP: 0/8
  2212 | D:2      | Learned a level 3 spell: Regeneration
  2343 | D:2      | Noticed Sigmund
  2356 | D:2      | Killed Sigmund
  2356 | D:2      | Reached skill level 5 in Polearms
  2356 | D:2      | Reached XP level 5. HP: 34/39 MP: 0/9
  2356 | D:2      | Reached XP level 6. HP: 40/46 MP: 0/10
  2599 | D:2      | Noticed Jessica
  2606 | D:2      | Killed Jessica
  2691 | D:3      | Noticed Terence
  2700 | D:3      | Killed Terence
  2777 | D:3      | Noticed Natasha
  2783 | D:3      | Killed Natasha
  2783 | D:3      | Reached skill level 6 in Polearms
  2783 | D:3      | Reached skill level 5 in Charms
  2830 | D:3      | Learned a level 3 spell: Spectral Weapon
  2926 | D:3      | Noticed Natasha
  2928 | D:3      | Killed Natasha
  3243 | D:3      | Found a glowing golden altar of the Shining One.
  3347 | D:3      | Found a runed translucent door.
  3348 | D:3      | Noticed Crazy Yiuf
  3359 | D:3      | Killed Crazy Yiuf
  3690 | D:4      | Slain by an ogre

Skill      XL: |  1  2  3  4  5  6 |
---------------+-------------------+-----
Dodging        | 3 |  3.3
Armour         | 1 |  1.1
Polearms       | 4 5 6 |  6.5
Spellcasting   | 3 |  3.5
Charms         | 4 5 |  5.3
Fighting       | |  2.5

Action                   |  1- 3 |  4- 6 || total
-------------------------+-------+-------++-------
Melee: Spear             |   119 |       ||   119
       Halberd           |       |    98 ||    98
Throw: Stone             |     5 |     1 ||     6
 Cast: Infusion          |    20 |    18 ||    38
       Shroud of Golubri |     3 |     6 ||     9
       Song of Slaying   |     2 |     3 ||     5
  Use: Scroll            |       |    12 ||    12
  Eat: Chunk             |     3 |     7 ||    10
Armor: Leather armour    |    28 |    20 ||    48
Dodge: Dodged            |    84 |    48 ||   132
